[Event "*** Titled Tuesday Blitz"]
[Site "Chess.com"]
[Date "2021.03.30"]
[Round "8"]
[White "As0nchess"]
[Black "KubaGepard"]
[Result "0-1"]
[WhiteElo "2598"]
[BlackElo "2429"]
[TimeControl "180+1"]
[EndTime "11:25:37 PDT"]
[Termination "KubaGepard won by resignation"]

1. Nf3 d5 2. g3 Nf6 3. Bg2 Nbd7 4. O-O e5 5. d3 Bd6 6. Nc3 c6 7. e4 h6 8. Nh4 Nb6 9. a4 Be6 10. h3 Qd7 11. Kh2 d4 12. Ne2 g5 13. Nf5 Bxf5 14.
exf5 Nbd5 15. c4 dxc3 16. bxc3 Qxf5 17. Rb1 O-O-O 18. Qb3 Rd7 19. c4 Ne7 20. a5 Bb8 21. a6 b6 22. c5 Rxd3 23. Qxf7 Ng4+ 0-1

[Event "*** Titled Tuesday Blitz"]
[Site "Chess.com"]
[Date "2021.03.30"]
[Round "8"]
[White "Bishops83"]
[Black "Pantata007"]
[Result "1-0"]
[WhiteElo "2251"]
[BlackElo "2358"]
[TimeControl "180+1"]
[EndTime "11:25:44 PDT"]
[Termination "Bishops83 won by resignation"]

1. e4 e5 2. Nf3 Nc6 3. d4 exd4 4. Nxd4 Nf6 5. Nxc6 bxc6 6. e5 Qe7 7. Qe2 Nd5 8.
c4 Ba6 9. Nd2 g6 10. Nf3 Bg7 11. Bg5 Qb4+ 12. Qd2 Qxd2+ 13. Bxd2 Nb6 14. b3 O-O-O 15. O-O-O Rhe8 16. Bg5 Bxe5 17. Nxe5 Rxe5 18. Bxd8 Kxd8 19. Bd3 d5 20. c5 Bxd3 21. cxb6 1-0

[Event "*** Titled Tuesday Blitz"]
[Site "Chess.com"]
[Date "2021.03.30"]
[Round "8"]
[White "korbul"]
[Black "Vaathi_Coming"]
[Result "0-1"]
[WhiteElo "2576"]
[BlackElo "2799"]
[TimeControl "180+1"]
[EndTime "11:25:47 PDT"]
[Termination "Vaathi_Coming won by resignation"]

1. d4 Nf6 2. Nf3 e6 3. Bf4 Bd6 4. Bxd6 cxd6 5. e3 O-O 6. c4 b6 7. Nc3 Bb7 8. d5 Na6 9. Bd3 Nc5 10.
Bc2 b5 11. b4 Na6 12. a3 bxc4 13. e4 exd5 14. exd5 Re8+ 15. Kf1 Nc7 16. Qd4 Ncxd5 17.
Nxd5 Bxd5 18. Ng5 h6 19. Nh3 Be4 20. Bxe4 Rxe4 21. Qxd6 c3 22. f3 Re6 23. Qd3 Rc8 24. Rc1 Rec6 25. Kf2 Qb6+ 26. Qe3 Ng4+ 27. fxg4 Rf6+ 28.
Nf4 Rxf4+ 29. Ke2 Qa6+ 30. Ke1 Rxg4 31. g3 Qxa3 32. Rf1 Qxb4 33. Kf2 Qb6 0-1

[Event "*** Titled Tuesday Blitz"]
[Site "Chess.com"]
[Date "2021.03.30"]
[Round "8"]
[White "nrvisakh"]
[Black "hypert"]
[Result "1-0"]
[WhiteElo "2797"]
[BlackElo "2527"]
[TimeControl "180+1"]
[EndTime "11:25:49 PDT"]
[Termination "nrvisakh won by resignation"]

1. e4 c5 2. Nf3 Nc6 3. d4 cxd4 4. Nxd4 e5 5. Nb5 a6 6. Nd6+ Bxd6 7. Qxd6 Qf6 8. Qd1 Qg6 9. Nc3 d5 10. Nxd5 Qxe4+ 11. Be2 Nd4 12. Nc7+ Ke7 13. Nxa8 Nxc2+ 14. Kf1 Nxa1 15.
Be3 Nf6 16. Bc5+ Ke6 17. Qd6+ Kf5 18. Bd3 1-0

[Event "*** Titled Tuesday Blitz"]
[Site "Chess.com"]
[Date "2021.03.30"]
[Round "8"]
[White "Ermito2020"]
[Black "A-Fier"]
[Result "1-0"]
[WhiteElo "2538"]
[BlackElo "2655"]
[TimeControl "180+1"]
[EndTime "11:25:50 PDT"]
[Termination "Ermito2020 won by resignation"]

1. e4 Nf6 2. e5 Nd5 3. d4 d6 4.
Nf3 Nc6 5. c4 Nb6 6. exd6 exd6 7.
Be2 Be7 8. O-O O-O 9. Nc3 Bg4 10.
b3 Bf6 11. Be3 d5 12. c5 Nc8 13. h3 Bh5 14. b4 h6 15. Rb1 N8e7 16. b5 Na5 17.
Ne5 Bxe2 18. Nxe2 Nf5 19. Qd3 Qc8 20. Bd2 Bxe5 21. Bxa5 Bf6 22. Bc3 Re8 23. Nf4 c6 24. Nh5 Bg5 25. Rfe1 Qd7 26. bxc6 bxc6 27. Bd2 Bd8 28.
Rxe8+ Qxe8 29. Qxf5 Qe2 30. Qg4 1-0

[Event "*** Titled Tuesday Blitz"]
[Site "Chess.com"]
[Date "2021.03.30"]
[Round "8"]
[White "Baron_von_Koenig"]
[Black "Kale36"]
[Result "0-1"]
[WhiteElo "2549"]
[BlackElo "2419"]
[TimeControl "180+1"]
[EndTime "11:25:51 PDT"]
[Termination "Kale36 won by resignation"]

1. b3 e5 2. Bb2 Nc6 3. Nf3 d6 4.
d4 g6 5. dxe5 Bg7 6. Na3 Nge7 7.
Nc4 d5 8. Ne3 O-O 9. g3 Be6 10.
Bg2 Qd7 11. O-O Rad8 12. Nd4 Nxe5 13. Nxe6 fxe6 14. Kh1 c5 15. Bh3 Nf5 16. Nxf5 exf5 17. f4 Nc6 18. Bxg7 Qxg7 19. Bg2 Qd4 20. Rf3 Qxd1+ 21.
Rxd1 Nd4 22. Rxd4 cxd4 23. Rd3 Rfe8 24. Bxd5+ Rxd5 0-1

[Event "*** Titled Tuesday Blitz"]
[Site "Chess.com"]
[Date "2021.03.30"]
[Round "8"]
[White "superchess02"]
[Black "gilbert_gm"]
[Result "1-0"]
[WhiteElo "2819"]
[BlackElo "2585"]
[TimeControl "180+1"]
[EndTime "11:25:59 PDT"]
[Termination "superchess02 won by resignation"]

1. a3 e5 2. c4 Nf6 3. Nc3 c6 4. d3 d5 5. Nf3 Bd6 6. b4 O-O 7. Bb2 Re8 8. e4 a5 9. c5 Bc7 10. Be2 Na6 11. O-O d4 12. Nb1 Be6 13. Qe1 h6 14. h3 Qe7 15. Bc1 axb4 16. axb4 b6 17. cxb6 Bd6 18. Bd2 Nxb4 19. Rxa8 Rxa8 20. Nxe5 Bxe5 21.
Bxb4 c5 22. Bd2 c4 23. dxc4 Nxe4 24. Bf3 Nxd2 25. Bxa8 Nxf1 26. Qxe5 Qb4 27. b7 1-0

[Event "*** Titled Tuesday Blitz"]
[Site "Chess.com"]
[Date "2021.03.30"]
[Round "8"]
[White "Nikolakis2014"]
[Black "Omk124"]
[Result "1-0"]
[WhiteElo "2614"]
[BlackElo "2484"]
[TimeControl "180+1"]
[EndTime "11:26:00 PDT"]
[Termination "Nikolakis2014 won by resignation"]

1. Nf3 Nf6 2. c4 g6 3. Nc3 Bg7 4. e4 d6 5. d4 O-O 6. Be2 e5 7. Be3 Ng4 8. Bg5 f6 9. Bh4 Nc6 10. d5 Ne7 11. Nd2 Nh6 12. f3 c6 13.
Bf2 g5 14. b4 Ng6 15. O-O f5 16. c5 Nf4 17. Nc4 cxd5 18. Nxd5 dxc5 19. Bxc5 Nxd5 20.
Bxf8 Bxf8 21. exd5 Bxb4 22. Nxe5 Bc3 23. Nc4 Bxa1 24.
Qxa1 Nf7 25. Rd1 Bd7 26. d6 Rc8 27. Ne5 Nxe5 28. Qxe5 Qb6+ 29. Kh1 Re8 30. Bc4+ Be6 31. Bxe6+ 1-0

[Event "*** Titled Tuesday Blitz"]
[Site "Chess.com"]
[Date "2021.03.30"]
[Round "8"]
[White "Fandorine"]
[Black "Gloomy_Wanderer"]
[Result "1-0"]
[WhiteElo "2876"]
[BlackElo "2707"]
[TimeControl "180+1"]
[EndTime "11:26:02 PDT"]
[Termination "Fandorine won by resignation"]

1. Nf3 Nf6 2. c4 e6 3. g3 d5 4. b3 d4 5. Bg2 c5 6. O-O Nc6 7.
e3 e5 8. exd4 exd4 9. d3 Be7 10.
Na3 O-O 11. Nc2 Bd6 12. Bg5 Bg4 13. h3 Bh5 14. Re1 h6 15. Bc1 Qc7 16. b4 Bxf3 17.
Qxf3 cxb4 18. Bxh6 Ne5 19. Qf5 Qd7 20. Rxe5 Bxe5 21.
Qxe5 1-0

[Event "*** Titled Tuesday Blitz"]
[Site "Chess.com"]
[Date "2021.03.30"]
[Round "8"]
[White "MergenKakabaev"]
[Black "Sweafty"]
[Result "0-1"]
[WhiteElo "2389"]
[BlackElo "2557"]
[TimeControl "180+1"]
[EndTime "11:26:05 PDT"]
[Termination "Sweafty won by resignation"]

1. e4 d6 2. d4 Nf6 3. Nc3 e5 4. dxe5 dxe5 5. Qxd8+ Kxd8 6. Bc4 Be6 7. Bxe6 fxe6 8. Be3 Bd6 9. f3 Ke7 10. O-O-O Nc6 11.
Nge2 a6 12. a4 Rhb8 13. h4 b5 14. h5 b4 15. Nb1 b3 16. c3 Na5 17. Nd2 Nd7 18. h6 g6 19. Ng1 Nc5 20. Bxc5 Bxc5 21. Re1 Rd8 22. Nh3 Rd3 23. Ng5 Rad8 24. Re2 Be3 25.
Rxe3 Rxe3 26. Nxh7 Re2 27. Rd1 Rxg2 0-1

[Event "*** Titled Tuesday Blitz"]
[Site "Chess.com"]
[Date "2021.03.30"]
[Round "8"]
[White "Loy_Konstantin"]
[Black "biostatistician"]
[Result "0-1"]
[WhiteElo "2339"]
[BlackElo "2548"]
[TimeControl "180+1"]
[EndTime "11:26:17 PDT"]
[Termination "biostatistician won by resignation"]

1. e4 e6 2. d3 d5 3. Nd2 Nc6 4. Ngf3 Nf6 5. c3 a5 6. Be2 e5 7. O-O Bc5 8. h3 O-O 9. Re1 Re8 10. Qc2 b6 11. Bf1 Bb7 12. b3 Nh5 13. exd5 Qxd5 14.
Ne4 Be7 15. d4 exd4 16. Bc4 Qf5 17. Bd3 Nf4 18. Bxf4 Qxf4 19. cxd4 Nb4 20. Qd1 Nxd3 21. Qxd3 Bb4 22. Nc3 Bxf3 23. gxf3 Bd6 24. Ne4 Qh2+ 25. Kf1 Qxh3+ 26. Ke2 f5 27. Rh1 fxe4 0-1

[Event "*** Titled Tuesday Blitz"]
[Site "Chess.com"]
[Date "2021.03.30"]
[Round "8"]
[White "Harry_Rakkel"]
[Black "Tactictic"]
[Result "1-0"]
[WhiteElo "2593"]
[BlackElo "2391"]
[TimeControl "180+1"]
[EndTime "11:26:20 PDT"]
[Termination "Harry_Rakkel won by resignation"]

1. e4 c5 2. Nc3 Nc6 3. g3 g6 4.
Bg2 Bg7 5. d3 e6 6. Be3 b6 7. Qd2 Nge7 8. Bh6 O-O 9. h4 d5 10. h5 gxh5 11. Rxh5 Ng6 12. Bxg7 Kxg7 13. exd5 exd5 14. Qh6+ Kf6 15. Bxd5 Re8+ 16. Kf1 Qd6 17. Ne4+ Rxe4 18. dxe4 Bg4 19. Qg5+ 1-0

[Event "*** Titled Tuesday Blitz"]
[Site "Chess.com"]
[Date "2021.03.30"]
[Round "8"]
[White "dhaessel"]
[Black "NoGalloNoParty"]
[Result "0-1"]
[WhiteElo "2042"]
[BlackElo "2397"]
[TimeControl "180+1"]
[EndTime "11:26:27 PDT"]
[Termination "NoGalloNoParty won by resignation"]

1. d4 Nf6 2. c4 g6 3. Nc3 d5 4. cxd5 Nxd5 5. Na4 Bg7 6. e4 Nb6 7. Be3 O-O 8. Nf3 Nc6 9. Be2 Bg4 10. Nc5 Rb8 11. d5 Bxf3 12. Bxf3 Ne5 13. Be2 c6 14. f4 Nec4 15. Bd4 Nxb2 16. Qd2 N2c4 17. Bxc4 Nxc4 18. Qc3 Bxd4 19. Qxd4 cxd5 20. exd5 Qa5+ 21. Ke2 Nd6 22. Nd7 Qb5+ 0-1

[Event "*** Titled Tuesday Blitz"]
[Site "Chess.com"]
[Date "2021.03.30"]
[Round "8"]
[White "Raud100"]
[Black "LawrenceTrent"]
[Result "0-1"]
[WhiteElo "2401"]
[BlackElo "2562"]
[TimeControl "180+1"]
[EndTime "11:26:28 PDT"]
[Termination "LawrenceTrent won by resignation"]

1. d4 Nf6 2. c4 c5 3. d5 e6 4. Nc3 exd5 5. cxd5 d6 6. Nf3 g6 7. g3 Bg7 8. Bg2 O-O 9. O-O Nbd7 10. Nd2 Re8 11.
h3 Ne5 12. f4 Nh5 13. fxe5 Bxe5 14. g4 Ng3 15. Nf3 Bxc3 16. bxc3 Nxf1 17. Kxf1 b6 18. c4 Ba6 19. Qd3 b5 20. cxb5 c4 21. Qxc4 Rc8 22.
Qd3 Qf6 23. Rb1 Rc3 24. Qd4 Rxf3+ 25. Bxf3 Qxd4 26. bxa6 Qa4 27. Kf2 Qxa6 28. Rb2 Qc4 29. Be3 Rxe3 30. Kxe3 Qc3+ 0-1

[Event "*** Titled Tuesday Blitz"]
[Site "Chess.com"]
[Date "2021.03.30"]
[Round "8"]
[White "Larciano"]
[Black "KNVB"]
[Result "0-1"]
[WhiteElo "1961"]
[BlackElo "2634"]
[TimeControl "180+1"]
[EndTime "11:26:29 PDT"]
[Termination "KNVB won by resignation"]

1. e4 c6 2. d4 d5 3. exd5 cxd5 4. Bd3 Nc6 5. c3 Nf6 6. h3 g6 7. Nf3 Bf5 8. Be2 Bg7 9. O-O O-O 10. Re1 Ne4 11. Bf4 Qb6 12. Qb3 Qxb3 13. axb3 f6 14. Nbd2 e5 15. dxe5 fxe5 16. Bh2 Nxd2 17. Nxd2 e4 18. Nf1 d4 19. cxd4 Nxd4 20. Bc4+ Kh8 21. Ne3 b5 22. Nxf5 gxf5 23. Bf1 Nc2 24. Reb1 Nxa1 25. Rxa1 a6 26. Bd6 Rfd8 27. Ba3 Rd2 28. Rc1 Bxb2 29. Bxb2+ Rxb2 30. Rc5 Rxb3 31. Rxf5 a5 32.
Bxb5 a4 33. Re5 a3 34. Bc6 a2 35. Bxa8 a1=Q+ 36. Kh2 Qxe5+ 0-1

[Event "*** Titled Tuesday Blitz"]
[Site "Chess.com"]
[Date "2021.03.30"]
[Round "8"]
[White "GMRafpig"]
[Black "Orest_Vovk"]
[Result "1-0"]
[WhiteElo "2599"]
[BlackElo "2479"]
[TimeControl "180+1"]
[EndTime "11:26:35 PDT"]
[Termination "GMRafpig won by resignation"]

1. c4 g5 2. d4 h6 3. Nc3 Bg7 4.
g3 c5 5. dxc5 Bxc3+ 6. bxc3 Qa5 7. Nf3 Nc6 8. Bg2 Qxc5 9. h4 g4 10. Nd4 Qxc4 11. O-O Qxc3 12. Be3 Nf6 13. Rc1 Qa5 14.
Qb3 O-O 15. Nxc6 dxc6 16. Rc5 Qa6 17. Bxh6 Rd8 18. Rg5+ Kh7 19. Qxf7+ 1-0

[Event "*** Titled Tuesday Blitz"]
[Site "Chess.com"]
[Date "2021.03.30"]
[Round "8"]
[White "LileKoridze"]
[Black "Leo_C"]
[Result "0-1"]
[WhiteElo "2493"]
[BlackElo "2387"]
[TimeControl "180+1"]
[EndTime "11:26:38 PDT"]
[Termination "Leo_C won by checkmate"]

1. d4 d5 2. c4 e6 3. Nc3 c6 4. e3 Nf6 5. Nf3 Nbd7 6. Bd3 dxc4 7. Bxc4 b5 8. Bd3 Bd6 9. O-O O-O 10. e4 e5 11. Bg5 h6 12. Bh4 Bb7 13. dxe5 Nxe5 14. Nxe5 Bxe5 15. Qe2 Qb6 16. Kh1 Rfe8 17. f4 Bxc3 18.
bxc3 Nxe4 19. Bxe4 c5 20. Bxb7 Rxe2 21. Bxa8 a5 22. Rad1 Kh7 23. Bf3 Rxa2 24. Be4+ g6 25. Bd5 c4 26. Bxf7 Qb7 27. Be8 Qxg2# 0-1

[Event "*** Titled Tuesday Blitz"]
[Site "Chess.com"]
[Date "2021.03.30"]
[Round "8"]
[White "bazar-wokzal"]
[Black "annamaja"]
[Result "1-0"]
[WhiteElo "2562"]
[BlackElo "2351"]
[TimeControl "180+1"]
[EndTime "11:26:39 PDT"]
[Termination "bazar-wokzal won by resignation"]

1. e4 e6 2. d4 d5 3. exd5 exd5 4.
Nf3 Nf6 5. c4 c6 6. Bd3 Be7 7.
O-O O-O 8. Nc3 dxc4 9. Bxc4 Bg4 10. h3 Bh5 11. g4 Bg6 12. Ne5 Ne4 13. Nxg6 Nxc3 14.
Nxe7+ Qxe7 15. bxc3 Nd7 16. Qf3 Nb6 17. Bb3 a5 18. a4 Qd7 19. Ba3 Rfe8 20. Rae1 Nd5 21. Re5 Rxe5 22. dxe5 Re8 23. Bd6 Nb6 24. c4 Nc8 25. c5 b6 26. Rd1 bxc5 27. Bxc5 Qb7 28. e6 fxe6 29. Bxe6+ Kh8 30. Rd7 Qb1+ 31. Kg2 h6 32. Bd4 Rxe6 33. Qf8+ 1-0

[Event "*** Titled Tuesday Blitz"]
[Site "Chess.com"]
[Date "2021.03.30"]
[Round "8"]
[White "MasterMK73"]
[Black "annacramling"]
[Result "1-0"]
[WhiteElo "2266"]
[BlackElo "2085"]
[TimeControl "180+1"]
[EndTime "11:26:42 PDT"]
[Termination "MasterMK73 won by resignation"]

1. e4 c5 2. Nf3 e6 3. c4 Nc6 4.
Nc3 d6 5. d4 cxd4 6. Nxd4 Nf6 7. Be2 Be7 8. Be3 O-O 9. O-O Bd7 10. f4 Rc8 11. Rc1 Nxd4 12. Bxd4 Bc6 13. Bf3 Nd7 14. Qe2 Qc7 15. Be3 Nc5 16. b4 Nd7 17. b5 Nc5 18. bxc6 Qxc6 19. Rfd1 Rfd8 20. Nb5 Nxe4 21. Nxa7 Qa4 22.
Nxc8 Rxc8 23. Bxe4 1-0

[Event "*** Titled Tuesday Blitz"]
[Site "Chess.com"]
[Date "2021.03.30"]
[Round "8"]
[White "Agoking701"]
[Black "J36225"]
[Result "1-0"]
[WhiteElo "2332"]
[BlackElo "2466"]
[TimeControl "180+1"]
[EndTime "11:26:44 PDT"]
[Termination "Agoking701 won by resignation"]

1. e4 e5 2. Nf3 Nc6 3. Bb5 a6 4. Ba4 Nf6 5. d3 Bc5 6. O-O b5 7. Bb3 O-O 8. a4 Bb7 9. Bg5 h6 10. Bh4 Be7 11. Nc3 b4 12. Ne2 d6 13. a5 Nh5 14.
Bg3 Nxg3 15. Nxg3 g6 16. Bd5 Kg7 17. Re1 Qd7 18. d4 exd4 19. Nxd4 Rab8 20. Ngf5+ gxf5 21. Nxf5+ Kf6 22. Qh5 Ne5 23. Qh4+ 1-0

[Event "*** Titled Tuesday Blitz"]
[Site "Chess.com"]
[Date "2021.03.30"]
[Round "8"]
[White "campomania3"]
[Black "Sueetin"]
[Result "0-1"]
[WhiteElo "2232"]
[BlackElo "2432"]
[TimeControl "180+1"]
[EndTime "11:26:44 PDT"]
[Termination "Sueetin won by resignation"]

1. d4 Nf6 2. c4 e6 3. Nc3 Bb4 4. f3 d5 5. a3 Be7 6. e4 dxe4 7. fxe4 c5 8. d5 exd5 9. exd5 O-O 10. Nf3 Re8 11.
Be2 Bg4 12. O-O Nbd7 13. Bf4 a6 14. h3 Bxf3 15. Bxf3 Qb6 16. Qc2 Bd6 17. Bg5 h6 18. Bh4 Be5 19. Rab1 Re7 20. Kh1 Rae8 21. b4 Bb8 22. Rbd1 Qd6 23. g3 g5 24. Bg4 gxh4 25. Bxd7 Nxd7 26. Rf4 Nf8 27. Rdf1 Ng6 28. Rf6 Qxg3 29.
Rxg6+ fxg6 30. Rg1 0-1

[Event "*** Titled Tuesday Blitz"]
[Site "Chess.com"]
[Date "2021.03.30"]
[Round "8"]
[White "niki_2003"]
[Black "skeyman"]
[Result "0-1"]
[WhiteElo "2039"]
[BlackElo "2220"]
[TimeControl "180+1"]
[EndTime "11:26:45 PDT"]
[Termination "skeyman won by resignation"]

1. e4 c5 2. Nf3 e6 3. d4 cxd4 4. Nxd4 a6 5. Nc3 Qc7 6. g3 Nc6 7. Bg2 h5 8. Bf4 e5 9. Nd5 Qd6 10. Nxc6 dxc6 11. Nb6 Qb4+ 12. Qd2 Qxb6 13. Bxe5 Be6 14. Rd1 Rd8 15. Qg5 f6 16. Rxd8+ Qxd8 17. Qg6+ Bf7 18. Qf5 fxe5 19. Qxe5+ Qe7 20. Qb8+ Qd8 21.
Qxb7 Qa5+ 22. c3 Qb5 23. Qc8+ Ke7 24. Qc7+ Kf6 25. Qf4+ Ke7 26. Qc7+ Kf6 27. Qf4+ Kg6 28. Bh3 Qg5 29. Bf5+ Kh6 30. Qc7 Bg6 31. Qxc6 Nf6 32. f4 Be8 33. fxg5+ Kxg5 34. h3 Bxc6 35. h4+ Kh6 0-1

[Event "*** Titled Tuesday Blitz"]
[Site "Chess.com"]
[Date "2021.03.30"]
[Round "8"]
[White "mr_gustavo"]
[Black "WisdomGame"]
[Result "0-1"]
[WhiteElo "2379"]
[BlackElo "2051"]
[TimeControl "180+1"]
[EndTime "11:26:48 PDT"]
[Termination "WisdomGame won by resignation"]

1. e4 c5 2. Nf3 Nc6 3. Bb5 g6 4. O-O Bg7 5. c3 e5 6. Re1 Nge7 7.
d4 exd4 8. cxd4 Nxd4 9. Nxd4 cxd4 10. Bf4 O-O 11. Bd6 Re8 12. Na3 Nc6 13. Nc4 a6 14. Bxc6 dxc6 15. e5 b5 16. Na3 f6 17. f4 fxe5 18. fxe5 Be6 19. Qxd4 Bd5 20. Nc2 Qg5 21. Re2 Rad8 22. Qe3 Qh5 23. Qf2 Rxd6 24. exd6 Rxe2 25. d7 Rxf2 26. d8=Q+ Rf8 27. Qe7 Qg4 28. Ne3 Bd4 0-1

[Event "*** Titled Tuesday Blitz"]
[Site "Chess.com"]
[Date "2021.03.30"]
[Round "8"]
[White "swimmerchess"]
[Black "Reader777"]
[Result "1-0"]
[WhiteElo "2837"]
[BlackElo "2722"]
[TimeControl "180+1"]
[EndTime "11:26:49 PDT"]
[Termination "swimmerchess won by resignation"]

1. e4 c5 2. Nf3 d6 3. d4 cxd4 4. Nxd4 Nf6 5. Nc3 a6 6. Be3 e5 7. Nb3 Be6 8. f3 Nbd7 9. Qd2 Be7 10. O-O-O O-O 11. g4 b5 12. g5 Nh5 13. Kb1 Nb6 14. Na5 Qc7 15. Nd5 Nxd5 16. exd5 Bd7 17. Bd3 Rfc8 18.
Nc6 Bxc6 19. dxc6 d5 20. Bf5 Rd8 21. Bd7 d4 22. Bf2 Nf4 23. h4 a5 24. Bg3 Nh5 25.
Bh2 Bd6 26. Rhe1 a4 27. c3 b4 28. cxd4 exd4 29. Bxd6 Qxd6 30. Qxd4 Qc7 31. Qd6 Ra7 32. Qxc7 Rxc7 33. Bg4 1-0

[Event "*** Titled Tuesday Blitz"]
[Site "Chess.com"]
[Date "2021.03.30"]
[Round "8"]
[White "DrCeltic"]
[Black "kamilianin235"]
[Result "0-1"]
[WhiteElo "2418"]
[BlackElo "2283"]
[TimeControl "180+1"]
[EndTime "11:26:49 PDT"]
[Termination "kamilianin235 won by resignation"]

1. e4 c5 2. Nf3 d6 3. d4 cxd4 4. Nxd4 Nf6 5. Nc3 Nc6 6. Bc4 e6 7. Be3 Be7 8. Qe2 a6 9. O-O-O Qc7 10. Bb3 O-O 11. Rhg1 b5 12. Nxc6 Qxc6 13. g4 Bb7 14. Nd5 exd5 15. g5 Nxe4 16. f3 Nc5 17. Bxc5 dxc5 18.
Bxd5 Qc7 19. g6 hxg6 20. Rxg6 Qf4+ 21. Kb1 Bxd5 22. Rg3 Be6 23. Rdg1 Bf6 0-1

[Event "*** Titled Tuesday Blitz"]
[Site "Chess.com"]
[Date "2021.03.30"]
[Round "8"]
[White "m-garcett"]
[Black "RaphCamora"]
[Result "0-1"]
[WhiteElo "2142"]
[BlackElo "2400"]
[TimeControl "180+1"]
[EndTime "11:26:56 PDT"]
[Termination "RaphCamora won on time"]

1. e4 c5 2. Nf3 Nc6 3. d4 cxd4 4. Nxd4 Nf6 5. Nc3 e5 6. Ndb5 d6 7. Nd5 Nxd5 8. exd5 Ne7 9. c4 Ng6 10. Be2 a6 11. Nc3 Be7 12. O-O O-O 13. Be3 f5 14. f4 exf4 15. Bxf4 Nxf4 16. Rxf4 Qb6+ 17. Rf2 Qxb2 18.
Rc1 Bf6 19. Na4 Qd4 20. Kf1 Bd7 21. Qb3 b5 22. cxb5 axb5 23. Nc3 Rfc8 0-1

[Event "*** Titled Tuesday Blitz"]
[Site "Chess.com"]
[Date "2021.03.30"]
[Round "8"]
[White "2nd_life"]
[Black "SanchezKelvin"]
[Result "1-0"]
[WhiteElo "2418"]
[BlackElo "2594"]
[TimeControl "180+1"]
[EndTime "11:26:58 PDT"]
[Termination "2nd_life won by resignation"]

1. e4 c5 2. Nf3 d6 3. d4 cxd4 4. Nxd4 Nf6 5. Nc3 g6 6. Be3 Bg7 7. f3 O-O 8. Qd2 Nc6 9. O-O-O Nxd4 10. Bxd4 Be6 11. Kb1 Qc7 12. h4 Rfc8 13. h5 Qa5 14.
h6 Bh8 15. a3 Rab8 16. Bxf6 Bxf6 17. Nd5 Qxd2 18. Nxf6+ exf6 19. Rxd2 Rd8 20. Be2 Kf8 21. g4 Ke7 22. f4 Rbc8 23. Rd4 Bd7 24. Rhd1 Bc6 25.
c4 b6 26. b4 Ke6 27. Kb2 Rd7 28. Kb3 Rcd8 29. Bf3 g5 30. f5+ Ke5 31. Kc3 a5 32. b5 Bb7 33. Kd3 Rc7 34. Ke3 Rc5 35. Be2 Rd7 36.
Rd5+ Bxd5 37. exd5 Rdc7 38. Rd4 1-0

[Event "*** Titled Tuesday Blitz"]
[Site "Chess.com"]
[Date "2021.03.30"]
[Round "8"]
[White "zmeeed67"]
[Black "lacafi"]
[Result "0-1"]
[WhiteElo "2402"]
[BlackElo "2239"]
[TimeControl "180+1"]
[EndTime "11:26:58 PDT"]
[Termination "lacafi won by resignation"]

1. d4 f5 2. Nc3 Nf6 3. Bg5 g6 4.
Bxf6 exf6 5. e3 d5 6. Bd3 c6 7. h3 Qb6 8. Qf3 Qxb2 9. Kd2 Qxa1 10. g4 Bb4 11. Ne2 Qxa2 12. gxf5 Bxf5 13. Bxf5 gxf5 14. Qh5+ Kd8 15. Rg1 Nd7 16. Rg7 Kc7 17. Qxf5 Rad8 18. Qf4+ Kc8 19. e4 dxe4 20. Ke3 Qxc2 21.
Nxe4 Rhe8 22. f3 Bd2+ 23. Kf2 Bxf4 0-1

[Event "*** Titled Tuesday Blitz"]
[Site "Chess.com"]
[Date "2021.03.30"]
[Round "8"]
[White "Djager97"]
[Black "xozr"]
[Result "0-1"]
[WhiteElo "2477"]
[BlackElo "2353"]
[TimeControl "180+1"]
[EndTime "11:27:04 PDT"]
[Termination "xozr won by resignation"]

1. e4 c5 2. Nf3 Nc6 3. d4 cxd4 4.
Nxd4 g6 5. Nc3 Bg7 6. Be3 Nf6 7. Nxc6 bxc6 8. e5 Ng8 9. Bd4 f6 10. f4 Qa5 11. Qd2 fxe5 12. fxe5 Bxe5 13. O-O-O Nf6 14. Bc4 Bxd4 15. Qxd4 d5 16. Rhe1 O-O 17. Bb3 e6 18. Rf1 Qd8 19. Na4 Ne4 20. Nc5 Qg5+ 21. Kb1 Rxf1 22. Rxf1 Nd2+ 23. Ka1 Nxf1 24. a3 Qe3 25.
Qf6 Qxc5 26. Qxf1 Bd7 0-1

[Event "*** Titled Tuesday Blitz"]
[Site "Chess.com"]
[Date "2021.03.30"]
[Round "8"]
[White "DenLaz"]
[Black "CSB7"]
[Result "1-0"]
[WhiteElo "2844"]
[BlackElo "2675"]
[TimeControl "180+1"]
[EndTime "11:27:07 PDT"]
[Termination "DenLaz won by resignation"]

1. d4 d5 2. c4 c6 3. Nf3 Nf6 4. e3 Bf5 5. Nc3 e6 6. Nh4 Be4 7. f3 Bg6 8. Qb3 Qc7 9. Bd2 Be7 10. O-O-O a6 11. Nxg6 hxg6 12. Kb1 dxc4 13. Bxc4 b5 14. Be2 Rxh2 15. f4 Rh6 16. g4 Nbd7 17. g5 Rxh1 18.
Rxh1 Nd5 19. Rh8+ Bf8 20. Ne4 O-O-O 21. a4 N7b6 22. Ba5 Qa7 23. Qc2 Qd7 24. axb5 axb5 25. Bxb5 Kb7 26. Rxf8 Rxf8 27. Nc5+ Ka7 28. Nxd7 1-0

[Event "*** Titled Tuesday Blitz"]
[Site "Chess.com"]
[Date "2021.03.30"]
[Round "8"]
[White "chessmachine14"]
[Black "Ave_Mariia"]
[Result "0-1"]
[WhiteElo "2324"]
[BlackElo "2488"]
[TimeControl "180+1"]
[EndTime "11:27:08 PDT"]
[Termination "Ave_Mariia won by resignation"]

1. e4 c5 2. Nf3 d6 3. d4 cxd4 4.
Nxd4 Nf6 5. Nc3 g6 6. Be2 Bg7 7. O-O O-O 8. Bg5 Nc6 9. Nb3 Be6 10. f4 Qc8 11. Kh1 Bg4 12. Nd5 Bxe2 13. Qxe2 Nxd5 14. exd5 Nb4 15. Qxe7 Nxc2 16. Rac1 Bxb2 17. Qe4 Bxc1 18. Rxc1 Re8 19. Qa4 Re1+ 20. Rxe1 Nxe1 21. Qe4 Qe8 22.
Qb1 Qe2 0-1

[Event "*** Titled Tuesday Blitz"]
[Site "Chess.com"]
[Date "2021.03.30"]
[Round "8"]
[White "GM_LOADING"]
[Black "eCztery"]
[Result "1-0"]
[WhiteElo "2531"]
[BlackElo "2382"]
[TimeControl "180+1"]
[EndTime "11:27:11 PDT"]
[Termination "GM_LOADING won by checkmate"]

1. e4 c5 2. Nf3 e6 3. d4 cxd4 4. Nxd4 a6 5. Bd3 d6 6. O-O Qc7 7. c4 g6 8. Nc3 Bg7 9. Be3 Ne7 10. Rc1 O-O 11. b3 Nd7 12. f4 b6 13. Be2 Bb7 14. Bf3 Rac8 15. Qe2 Rfd8 16. Kh1 Qb8 17.
f5 e5 18. Nc2 f6 19. fxg6 hxg6 20. Bg4 Kf7 21. Nb4 a5 22. Nbd5 Nxd5 23. Nxd5 Bxd5 24. exd5 Nf8 25. Bg5 f5 26. Rxf5+ gxf5 27. Bxf5 Kg8 28. Qh5 Qc7 29. Rf1 e4 30. Rf4 Re8 31. Rh4 e3 32.
Bh7+ Nxh7 33. Qxh7+ Kf8 34. Rf4+ Qf7 35. Rxf7+ Kxf7 36. Bh6 e2 37. Qxg7# 1-0

[Event "*** Titled Tuesday Blitz"]
[Site "Chess.com"]
[Date "2021.03.30"]
[Round "8"]
[White "MYMChessAcademy"]
[Black "Khnykin_Nikolay"]
[Result "1-0"]
[WhiteElo "2176"]
[BlackElo "2015"]
[TimeControl "180+1"]
[EndTime "11:27:11 PDT"]
[Termination "MYMChessAcademy won by checkmate"]

1. e4 e6 2. d4 d5 3. Nc3 Bb4 4.
e5 c5 5. a3 Bxc3+ 6. bxc3 Nc6 7.
f4 cxd4 8. cxd4 Nge7 9. Nf3 Nf5 10. c3 O-O 11. Bd3 Nh4 12. Nxh4 Qxh4+ 13. g3 Qh3 14. Bf1 Qh6 15. f5 g5 16. f6 Kh8 17. h4 Rg8 18. Qg4 Na5 19. Rh3 Nb3 20. hxg5 Qf8 21. Rxh7+ Kxh7 22. Qh5+ Qh6 23. Qxh6# 1-0